Map: Oxide LE

Players

Rogue - Winner!

  • Race: Zerg Zerg
  • Spawn Location: 7:00

MaxPax

  • Race: Protoss Protoss
  • Spawn Location: 1:00

Event: ASUS ROG Online 2020

VOD

Have the link to the VOD?

Description

Time

  • Played on: Nov. 27, 2020, 6:46 a.m.
  • Length: 13:27

All games in this series

Show
View Real Time Build Order
Export as new Build Order

Rogue Zerg - Winner!

Build Orders: Hatch First, Lurkers 

Get SALT Encoding   

  12  0:00  Drone  
  13  0:12  Overlord  
  13  0:17  Drone  
  14  0:30  Drone x2  
  16  0:44  Drone  
  17  0:54  Drone  
  17  0:56  Hatchery  
  17  0:59  Drone  
  18  1:08  Extractor  
  17  1:14  Spawning Pool  
  17  1:15  Drone  
  17  1:19  Drone  
  18  1:28  Drone  
  19  1:38  Overlord  
  19  1:50  Drone  
  20  2:02  Queen  
  20  2:03  Zergling x2  
  23  2:09  Zergling x2, Queen  
  23  2:10  Metabolic Boost  
  23  2:12  Drone  
  27  2:21  Drone  
  27  2:22  Drone  
  29  2:30  Drone  
  29  2:34  Drone  
  31  2:42  Hatchery  
  31  2:44  Drone x2  
  31  2:51  Queen  
  32  2:54  Overlord  
  32  2:56  Drone  
  35  3:05  Drone  
  36  3:18  Drone x3  
  36  3:19  Drone x3  
  42  3:26  Overlord  
  42  3:30  Queen  
  42  3:33  Roach Warren  
  43  3:35  Drone  
  43  3:40  Spore Crawler  
  43  3:43  Drone  
  43  3:45  Drone  
  43  3:46  Drone  
  43  3:47  Drone x2  
  48  3:54  Queen  
  50  3:58  Drone x3  
  53  4:06  Overlord  
  53  4:07  Overlord  
  53  4:10  Zergling x6  
  53  4:11  Zergling x2  
  53  4:15  Spine Crawler  
  53  4:16  Zergling x4  
  58  4:19  Overlord  
  58  4:25  Roach x3  
  58  4:27  Roach  
  58  4:29  Roach  
  68  4:35  Roach  
  68  4:36  Extractor  
  69  4:40  Zergling x8  
  69  4:42  Roach  
  69  4:44  Zergling x2  
  76  4:52  Roach  
  76  4:53  Zergling x4  
  80  5:00  Overlord x2, Roach  
  80  5:01  Zergling x2  
  80  5:05  Overlord  
  81  5:16  Roach  
  81  5:17  Zergling x4, Roach x2  
  81  5:18  Zergling x6  
  81  5:19  Zergling x2  
  81  5:22  Roach  
  81  5:23  Roach  
  81  5:28  Roach  
  81  5:33  Roach  
  81  5:35  Zergling x2  
  75  5:44  Zergling x8  
  75  5:45  Zergling x2  
  76  5:50  Drone x2  
  76  5:53  Drone  
  76  5:56  Drone x2  
  80  5:57  Drone  
  81  6:04  Drone  
  81  6:06  Drone x3  
  81  6:09  Drone x2  
  87  6:15  Drone x2  
  89  6:19  Drone  
  89  6:20  Drone x2  
  89  6:21  Drone  
  89  6:23  Drone  
  94  6:29  Lair  
  94  6:31  Drone  
  95  6:34  Extractor  
  95  6:35  Extractor, Drone x3  
  95  6:38  Roach x2  
  100  6:40  Overlord  
  100  6:46  Roach x2  
  104  6:47  Drone  
  104  6:48  Overlord  
  104  6:52  Drone  
  104  6:53  Overlord  
  106  6:56  Overlord  
  106  6:59  Drone x3  
  109  7:07  Drone x4, Evolution Chamber  
  112  7:10  Extractor, Drone x2  
  111  7:17  Drone x5  
  115  7:23  Zergling x4, Extractor  
  115  7:25  Ravager x4  
  115  7:27  Glial Reconstitution  
  115  7:29  Zergling x6  
  123  7:30  Zergling x4  
  123  7:36  Overlord  
  125  7:40  Zergling x2  
  125  7:42  Zergling x8  
  130  7:51  Drone x2  
  121  7:53  Drone x3  
  121  8:01  Infestation Pit  
  121  8:04  Drone  
  121  8:05  Drone  
  121  8:10  Zergling x20  
  131  8:14  Zerg Missile Weapons Level 1  
  131  8:17  Hydralisk Den  
  130  8:20  Zergling x2  
  130  8:21  Hatchery  
  130  8:28  Overseer  
  130  8:29  Overlord  
  130  8:33  Overlord  
  130  8:36  Roach  
  130  8:37  Overlord, Roach x3  
  130  8:38  Overlord x2  
  138  8:46  Hive  
  138  8:48  Lurker Den  
  135  8:58  Drone  
  135  8:59  Drone x9  
  135  9:01  Overlord  
  145  9:06  Grooved Spines  
  145  9:08  Overlord  
  141  9:15  Extractor  
  140  9:18  Hydralisk x6  
  152  9:26  Hydralisk x3  
  157  9:33  Roach x3  
  157  9:38  Roach x3  
  169  9:40  Ravager x3  
  169  9:41  Ravager x2  
  174  9:49  Roach x6  
  178  9:53  Roach  
  178  9:54  Zergling x4, Roach  
  175  10:00  Roach x3  
  175  10:04  Zergling x2  
  175  10:05  Zergling x6  
  176  10:07  Roach x2  
  168  10:17  Zergling x18  
  168  10:22  Roach  
  168  10:25  Zergling x6  
  168  10:27  Seismic Spines  
  167  10:29  Muscular Augments  
  167  10:32  Drone x3  
  167  10:33  Drone  
  167  10:34  Extractor  
  170  10:37  Queen  
  170  10:38  Zerg Missile Weapons Level 2  
  165  10:51  Drone x2  
  165  10:56  Zergling x12  
  173  10:57  Viper x2  
  173  11:00  Zergling x2  
  173  11:01  Zergling x6  
  173  11:02  Hatchery  
  182  11:04  Overseer x2  
  182  11:07  Overlord  
  182  11:12  Overlord  
  182  11:25  Drone x4, Adaptive Talons  
  186  11:28  Spore Crawler  
  186  11:29  Lurker x3  
  186  11:30  Spine Crawler  
  187  11:35  Hydralisk x6, Lurker  
  200  11:43  Adrenal Glands  
  200  11:53  Hydralisk  
  199  11:55  Pneumatized Carapace  
  199  11:59  Evolution Chamber  
  198  12:03  Overlord  
  198  12:10  Overlord  
  198  12:12  Spine Crawler x2, Spore Crawler  
  176  12:16  Hydralisk x6  
  176  12:22  Overlord  
  182  12:26  Lurker x3  
  182  12:27  Drone x2  
  182  12:28  Drone x4  
  190  12:36  Drone x3  
  190  12:37  Drone x2  
  195  12:40  Hydralisk x2  
  192  12:56  Hydralisk x9  
  198  13:02  Hydralisk x6  
Show
View Real Time Build Order
Export as new Build Order

MaxPax Protoss 

Build Orders: 1 Gate Expand, Mass Adepts 

Get SALT Encoding   

  12  0:00  Probe  
  13  0:12  Probe  
  14  0:19  Pylon  
  14  0:24  Probe  
  15  0:37  Probe (Chrono Boost)  
  15  0:40  Gateway  
  16  0:49  Assimilator, Probe (Chrono Boost)  
  17  0:54  Probe (Chrono Boost)  
  18  1:03  Probe  
  19  1:15  Probe  
  20  1:29  Nexus  
  20  1:37  Cybernetics Core  
  20  1:38  Probe  
  21  1:44  Assimilator  
  21  1:50  Probe  
  21  1:53  Pylon  
  22  2:02  Probe  
  23  2:10  Stalker (Chrono Boost)  
  23  2:14  Probe (Chrono Boost)  
  26  2:17  Warp Gate  
  26  2:26  Probe (Chrono Boost)  
  26  2:27  Twilight Council  
  27  2:30  Probe (Chrono Boost)  
  27  2:36  Adept  
  30  2:41  Probe (Chrono Boost)  
  32  2:46  Probe (Chrono Boost)  
  32  2:51  Probe (Chrono Boost)  
  33  2:54  Probe (Chrono Boost)  
  33  2:55  Probe (Chrono Boost), Robotics Facility  
  35  3:04  Gateway  
  35  3:12  Gateway  
  35  3:15  Gateway  
  35  3:19  Resonating Glaives (Chrono Boost)  
  35  3:22  Probe x2  
  37  3:30  Gateway  
  37  3:36  Adept  
  37  3:39  Warp Prism (Chrono Boost)  
  39  3:43  Probe  
  39  3:45  Probe  
  43  3:48  Pylon  
  43  3:58  Probe  
  43  4:00  Probe  
  45  4:07  Adept  
  45  4:09  Adept  
  49  4:10  Probe  
  49  4:13  Pylon  
  49  4:14  Adept  
  49  4:15  Adept, Pylon  
  54  4:31  Adept x3, Probe x2  
  62  4:35  Adept  
  62  4:36  Adept  
  66  4:39  Pylon  
  66  4:41  Assimilator  
  66  4:43  Probe  
  67  4:59  Adept x5  
  77  5:04  Pylon, Probe  
  78  5:10  Pylon  
  78  5:21  Adept x4  
  70  5:23  Adept  
  68  5:39  Robotics Bay  
  66  5:44  Adept x4  
  66  5:45  Probe  
  66  5:46  Probe  
  64  5:59  Immortal (Chrono Boost)  
  64  6:00  Assimilator  
  70  6:10  Nexus  
  68  6:14  Pylon  
  68  6:20  Probe x2  
  68  6:31  Disruptor (Chrono Boost)  
  68  6:32  Gravitic Drive, Probe x2  
  73  6:44  Shield Battery, Probe x2  
  75  6:48  Blink  
  75  6:49  Forge  
  75  6:54  Stalker, Disruptor (Chrono Boost)  
  75  6:56  Probe  
  81  7:01  Probe  
  81  7:08  Probe  
  83  7:13  Adept, Probe  
  86  7:20  Probe  
  86  7:21  Protoss Ground Weapons Level 1  
  87  7:23  Observer (Chrono Boost)  
  87  7:25  Probe  
  87  7:26  Probe  
  90  7:30  Sentry  
  90  7:32  Probe  
  90  7:35  Assimilator  
  93  7:37  Probe  
  93  7:38  Probe  
  93  7:39  Assimilator  
  95  7:44  Probe  
  95  7:50  Probe x2  
  96  7:54  Colossus (Chrono Boost)  
  96  7:56  Probe  
  101  8:02  Probe x2  
  101  8:03  Adept x2  
  101  8:04  Stalker x3  
  111  8:08  Probe  
  111  8:09  Pylon  
  112  8:14  Gateway  
  112  8:15  Gateway  
  112  8:18  Pylon  
  112  8:27  Stalker x4  
  112  8:29  Pylon  
  120  8:37  Stalker  
  120  8:39  Colossus (Chrono Boost)  
  128  8:56  Sentry  
  128  8:57  Sentry x2  
  128  9:00  Nexus  
  134  9:05  Pylon  
  134  9:09  Extended Thermal Lance  
  133  9:12  Stalker x3  
  133  9:16  Probe  
  140  9:25  Protoss Ground Weapons Level 2 (Chrono Boost)  
  140  9:32  Stalker x4  
  140  9:34  Photon Cannon  
  140  9:36  Pylon x2  
  148  9:51  Adept x3  
  147  9:59  Observer  
  132  10:09  Sentry x3  
  118  10:17  Colossus (Chrono Boost)  
  107  10:33  Stalker x7  
  120  11:00  Colossus (Chrono Boost)  
  120  11:03  Nexus  
  126  11:04  Stalker x6  
  126  11:07  Pylon  
  126  11:09  Stalker  
  140  11:12  Shield Battery  
  138  11:25  Photon Cannon  
  138  11:30  Sentry x3  
  138  11:31  Stalker x2  
  148  11:38  Robotics Facility  
  148  11:39  Probe x3  
  151  11:44  Disruptor (Chrono Boost)  
  151  11:51  Probe x3  
  151  11:52  Adept x2  
  153  12:03  Probe  
  154  12:10  Disruptor (Chrono Boost)  
  151  12:16  Stalker x5  
  161  12:23  Probe x2  
  163  12:32  Disruptor (Chrono Boost)  
  163  12:36  Probe x2  
  164  12:38  Assimilator  
  164  12:39  Assimilator  
  167  12:47  Disruptor (Chrono Boost)  
  112  13:03  Stalker, Adept x2  
  112  13:04  Stalker x4  
Tags
 
Add a new tag
Caveats
  • Supply blocks, unpowered buildings, or Contaminate may cause inaccurate times.
  • Supply counts are checked every 10 seconds.